 Dungeon Crawl Stone Soup version 0.27-a0-1191-g601b473118 (webtiles) character file.

Game seed: 15199648756438185084

282 siradein the Cudgeller (level 6, 0/37 HPs)
             Began as a Gargoyle Fighter on May 24, 2021.
             Slain by a ball python (2 damage)
             ... on level 4 of the Dungeon.
             The game lasted 00:07:26 (3466 turns).

siradein the Cudgeller (Gargoyle Fighter)           Turns: 3466, Time: 00:07:27

Health: 0/37       AC: 12    Str: 22    XL:     6   Next: 28%
Magic:  6/6        EV:  4    Int:  8    God:
Gold:   151        SH:  9    Dex:  9    Spells: 5/5 levels left

rFire    . . .     SeeInvis .   a - +0 flail
rCold    . . .     Faith    .   c - +0 kite shield
rNeg     + . .     Spirit   .   b - +0 scale mail
rPois    ∞         Reflect  .   (no helmet)
rElec    +         Harm     .   q - +0 cloak
rCorr    .         Rampage  .   (no gloves)
Will     .....                  (no boots)
Stlth    ..........             (no amulet)
HPRegen  0.12/turn              (no ring)
MPRegen  0.10/turn              (no ring)

@: constricted
A: sickness immunity, AC +4, negative energy resistance 1, electricity
resistance, torment resistance 1, petrification resistance
a: no special abilities


You were on level 4 of the Dungeon.
You visited 1 branch of the dungeon, and saw 4 of its levels.

You collected 151 gold pieces.

Inventory:

Hand Weapons
 a - a +0 flail (weapon)
Missiles
 h - a throwing net (quivered)
 k - 13 poisoned darts
Armour
 b - a +0 scale mail (worn)
 c - a +0 kite shield (worn)
 q - a +0 cloak (worn)
Jewellery
 m - a ring of positive energy
Scrolls
 e - a scroll of summoning {unknown}
 f - a scroll of vulnerability {unknown}
 g - 4 scrolls of noise {unknown}
 i - a scroll of torment {unknown}
 j - a scroll of teleportation {unknown}
 n - a scroll of fear {unknown}
 o - a scroll of identify {unknown}
Potions
 d - a potion of might
 l - 2 potions of curing
 p - a potion of invisibility {unknown}


   Skills:
 - Level 3.2 Fighting
 + Level 6.4 Maces & Flails
 - Level 3.2 Armour
 - Level 3.2 Shields


You had 5 spell levels left.
You didn't know any spells.
Your spell library contained the following spells:

 Spells                   Type           Power      Damage    Failure   Level
 Beastly Appendage        Tmut           0%         N/A       99%         1
 Wereblood                Tmut           0%         N/A       100%        2
 Spider Form              Tmut/Pois      0%         N/A       100%        3
 Ice Form                 Ice/Tmut       0%         N/A       100%        4
 Hydra Form               Tmut           0%         N/A       100%        5


Dungeon Overview and Level Annotations

Branches:
Dungeon (4/15)
 Temple: D:4-7

Altars:

Annotations:
D:3 1 runed translucent door, Crazy Yiuf


Innate Abilities, Weirdness & Mutations

You are immune to sickness and miasma.
Your stone body is resilient. (AC +4)
You are immune to poison.
You resist negative energy. (rN+)
You are resistant to electric shocks. (rElec)
You are resistant to unholy torment.
You are immune to petrification.


Message History

The wight is severely damaged.
You block the wight's attack.
You hit the wight but do no damage.
The wight is severely damaged.
The wight hits you with a +5 scimitar of freezing.
The wight freezes you. You block the wight's attack.
You hit the wight.
You destroy the wight!
Things that are here:
a +5 scimitar of freezing; a +0 robe A wight comes into view.
It is wielding a +4 dagger of freezing.
The wight hits you with a +4 dagger of freezing.
The wight freezes you.
You barely miss the wight. The wight barely misses you.
You barely miss the wight.
The wight hits you with a +4 dagger of freezing!
The wight freezes you.
You are too injured to fight recklessly!
Things that are here:
a +5 scimitar of freezing; a +0 robe An orc comes into view.
It is wielding a +0 short sword.
The orc shouts!
You hear an angry hiss.
A ball python comes into view.
The ball python hisses angrily.
You hit the orc but do no damage.
The wight hits you with a +4 dagger of freezing.
* * * LOW HITPOINT WARNING * * *
The wight freezes you.
* * * LOW HITPOINT WARNING * * *
The orc barely misses you.
The wight hits you with a +4 dagger of freezing.
* * * LOW HITPOINT WARNING * * *
The wight freezes you.
* * * LOW HITPOINT WARNING * * *
The ball python bites you but does no damage.
The ball python grabs you. The ball python constricts you.
The orc hits you but does no damage.
The ball python's grasp on you weakens, but your attempt to escape fails.
The ball python bites you.
You die...

####### .. .... ..#
#.....# .# #... ..#
##.....# .....##..
.......# .#.....
.......# .....
.......# #...#
..<....# #S..#
.......# #o@.# ##.
###....# #.z.#...
####.########...#.##.
###.##..............
#...................
#.##.#..............
#.##.#######...#....
#.......# #...#####
#.)#.##.####...###


You could see a wight, an orc and a ball python.

Vanquished Creatures
  A wight (D:4)
  A centaur skeleton (D:3)
  Jessica (D:3)
  Natasha (twice) (D:3)
  5 adders
  An adder skeleton (D:2)
  The ghost of DocEon the Sneak, a weakling GrDe (D:3)
  3 dart slugs (D:1)
  2 orcs (D:3)
  3 bats
  12 endoplasms
  6 giant cockroaches
  10 goblins
  8 hobgoblins
  4 jackals (D:2)
  3 quokkas
  7 ball pythons
  A frilled lizard (D:3)
  2 kobolds
  5 rats
78 creatures vanquished.

Notes
Turn   | Place    | Note
-------+----------+-------------------------------------------
     0 | D:1      | siradein the Gargoyle Fighter began the quest for the Orb.
     0 | D:1      | Reached XP level 1. HP: 14/14 MP: 1/1
    89 | D:1      | Reached XP level 2. HP: 19/19 MP: 2/2
   168 | D:1      | Reached skill level 3 in Maces & Flails
   618 | D:1      | Reached XP level 3. HP: 23/23 MP: 3/3
   766 | D:1      | Found a faded altar of an unknown god.
  1152 | D:2      | Reached skill level 4 in Maces & Flails
  1457 | D:2      | Reached XP level 4. HP: 24/28 MP: 4/4
  2242 | D:3      | Noticed Jessica
  2244 | D:3      | Noticed Natasha
  2258 | D:3      | Killed Natasha
  2259 | D:3      | Reached skill level 5 in Maces & Flails
  2259 | D:3      | Reached XP level 5. HP: 15/32 MP: 5/5
  2260 | D:3      | Killed Jessica
  2650 | D:3      | Found a runed translucent gate.
  2652 | D:3      | Found a runed translucent gate.
  2653 | D:3      | Found a runed translucent gate.
  2653 | D:3      | Noticed DocEon's ghost (weakling GrDe)
  2680 | D:3      | Killed DocEon's ghost
  3120 | D:3      | Noticed Natasha
  3123 | D:3      | Killed Natasha
  3124 | D:3      | Reached skill level 6 in Maces & Flails
  3124 | D:3      | Reached XP level 6. HP: 35/37 MP: 6/6
  3250 | D:3      | Found a runed translucent door.
  3251 | D:3      | Noticed Crazy Yiuf
  3466 | D:4      | Slain by a ball python

Illustrated notes

Levels and vault maps discovered:
D:1:      dpeg_arrival_long_road, layout_basic, shapermc_ecumenical_altar_venn,
          feat_on_display
D:2:      kennysheep_six_static_rooms, layout_basic
D:3:      layout_loops_ring, ebering_ghost_rock_garden, uniq_jessica,
          uniq_natasha, uniq_crazy_yiuf_cottage
D:4:      layout_loops_cross, minmay_temple_entry_from_below_a

Skill      XL: |  1  2  3  4  5 |
---------------+----------------+-----
Maces & Flails | 3 4 5 6 |  6.4
Fighting       | |  3.2
Armour         | |  3.2
Shields        | |  3.2

Action                   |  1- 3 |  4- 6 || total
-------------------------+-------+-------++-------
Melee: Flail             |   133 |   183 ||   316
Armor: Scale mail        |    92 |    97 ||   189
Dodge: Dodged            |    51 |    68 ||   119
Block: Kite shield       |    78 |    91 ||   169

Table legend: (Time is in decaauts)
 A = Elapsed time spent in this place.
 B = Non-inter-level travel time spent in this place.
 C = Inter-level travel time spent in this place.
 D = Time resting spent in this place.
 E = Time spent auto-exploring this place.
 F = Levels seen in this place.
 G = Mean time per level.
                   A        B        C        D        E       F      G
               +--------+--------+--------+--------+--------+-----+--------+
         Total |   3596 |   3479 |    117 |      0 |   2718 |   4 |  899.0 |
       Dungeon |   3596 |   3479 |    117 |      0 |   2718 |   4 |  899.0 |
               +--------+--------+--------+--------+--------+-----+--------+

Top non-repeatable levels by time:
     D:2: 1477 daAuts
     D:3: 1133 daAuts
     D:1: 834 daAuts
     D:4: 150 daAuts
